 Dungeon Crawl Stone Soup version 0.23.2-40-g277498a001 (webtiles) character file.

Game seed: 17395399969891210271

25 LifeCrow the Chopper (level 3, -5/31 HPs)
             Began as a Hill Orc Fighter on Sept 21, 2019.
             Slain by Sigmund
             ... wielding a +0 scythe
              (9 damage)
             ... on level 2 of the Dungeon.
             The game lasted 00:02:08 (1097 turns).

LifeCrow the Chopper (Hill Orc Fighter)             Turns: 1097, Time: 00:02:09

Health: -5/31      AC:  8    Str: 24    XL:     3   Next: 4%
Magic:  12/12      EV:  7    Int: 11    God:
Gold:   95         SH:  9    Dex: 10    Spells: 2/2 levels left

rFire    . . .     SeeInvis .   a - +0 war axe
rCold    . . .     Gourm    .   c - +0 shield
rNeg     . . .     Faith    .   b - +0 scale mail
rPois    .         Spirit   .   q - +0 helmet
rElec    .         Reflect  .   (no cloak)
rCorr    .         Harm     .   (no gloves)
MR       .....                  (no boots)
Stlth    ..........             (no amulet)
HPRegen  0.10/turn              j - ring of magical power
MPRegen  0.13/turn              m - +3 ring of intelligence

@: mighty
A: no striking features
a: no special abilities


You were on level 2 of the Dungeon.
You were not hungry.

You visited 1 branch of the dungeon, and saw 2 of its levels.

You collected 95 gold pieces.

Inventory:

Hand Weapons
 a - a +0 war axe (weapon)
Armour
 b - a +0 scale mail (worn)
 c - a +0 shield (worn)
 q - a +0 helmet (worn)
Jewellery
 j - a ring of magical power (left hand)
 m - a +3 ring of intelligence (right hand)
Scrolls
 e - 2 scrolls of amnesia {unknown}
 g - a scroll of enchant armour {unknown}
 k - a scroll of magic mapping {unknown}
 l - a scroll of immolation {unknown}
 n - a scroll of identify {unknown}
 o - 2 scrolls of remove curse {unknown}
 r - a scroll of fog {unknown}
Potions
 d - a potion of might
 i - 2 potions of lignification {unknown}
 p - a potion of cancellation {unknown}
Comestibles
 f - 2 rations


   Skills:
 - Level 3.6 Fighting
 + Level 4.6 Axes
 - Level 3.2 Armour
 - Level 3.2 Shields


You had 2 spell levels left.
You didn't know any spells.
Your spell library was empty.

Dungeon Overview and Level Annotations

Branches:
Dungeon (2/15)

Altars:
Gozag

Annotations:
D:2 1 runed translucent door, Crazy Yiuf, Robin, Sigmund, Terence


Message History

You slash the goblin!
You kill the goblin!
Something hits you but does no damage.
Robin roars a battlecry!
Robin throws the goblin at you! You block the goblin's attack.
Things that are here:
a cursed -1 club x2; a goblin corpse You closely miss something.
You hit the goblin.
You hear some strange, mumbled words.
Something tries to affect you, but you resist.
You block the goblin's attack. Something hits you!
* * * LOW HITPOINT WARNING * * *
You barely miss the goblin.
The goblin is heavily wounded.
You hit something. You block the goblin's attack.
Something hits you but does no damage.
You barely miss something. You barely miss the goblin.
The goblin hits you but does no damage. You block the goblin's attack.
Something hits you!
You die...

##.....## ### #
##.......## ##.###
##
#.........####...##
..
+.........'>......#
#@
#.........####...##
###..######.......##
#..... ggg.....#
##.....## #.####
#.#####...##### #.#
#ggg{@g.......# #.#
#.######.####.# #.#
#.# #...รท.##.# #.#
#.# #.#.####.# #.#
#.# #.._..##.###.#
#.# ###.#.#......#
..# #.....##.#####
#. ###.####.#
#.......#


You could see Robin, a hobgoblin and 2 goblins.

Vanquished Creatures
  A dart slug (D:1)
  A leopard gecko (D:1)
  A giant cockroach (D:1)
  7 goblins
  2 hobgoblins
  2 kobolds
  A ball python (D:1)
  4 bats
  2 rats (D:1)
21 creatures vanquished.

Notes
Turn   | Place    | Note
-------+----------+-------------------------------------------
     0 | D:1      | LifeCrow the Hill Orc Fighter began the quest for the Orb.
     0 | D:1      | Reached XP level 1. HP: 19/19 MP: 1/1
    98 | D:1      | Reached skill level 3 in Axes
   187 | D:1      | Reached XP level 2. HP: 26/26 MP: 2/2
   423 | D:1      | Reached skill level 4 in Axes
   796 | D:2      | Found a runed translucent door.
   797 | D:2      | Noticed Crazy Yiuf
   966 | D:2      | Found an opulent altar of Gozag.
  1080 | D:2      | Noticed Sigmund
  1081 | D:2      | Noticed Robin
  1083 | D:2      | Noticed Terence
  1088 | D:2      | Reached XP level 3. HP: 31/31 MP: 3/3
  1097 | D:2      | Slain by Sigmund

Skill      XL: |  1  2 |
---------------+-------+-----
Axes           | 3 4 |  4.6
Fighting       | |  3.6
Armour         | |  3.2
Shields        | |  3.2

Action                   || total
-------------------------++-------
Melee: War axe           ||    64
  Use: Potion            ||     1
  Eat: Chunk             ||     1
Armor: Scale mail        ||    27
Dodge: Dodged            ||    18
Block: Shield            ||    41
